 Dungeon Crawl Stone Soup version 0.31-a0-1529-g7bd419a0e5 (webtiles) character file.

Game seed: 17415574021114430142

25641 FizzleBangTC the Grappler (level 12, -1/129 (132) HPs)
             Began as a Troll Delver on Jan 1, 2024.
             Was an Elder of Okawaru.
             Slain by a snapping turtle (23 damage)
             ... on level 1 of the Shoals.
             The game lasted 01:15:15 (4038 turns).

FizzleBangTC the Grappler (Troll Delver)            Turns: 4038, Time: 01:15:16

HP:   -1/129 (132)  AC: 10    Str: 27    XL:     12   Next: 91%
MP:   8/15          EV: 11    Int:  6    God:    Okawaru [****..]
Gold: 469           SH:  5    Dex: 11    Spells: 10/11 levels left

rFire   . .          .
                       - Unarmed
rCold   + . .        (no shield)
rNeg    + . .        k - +0 acid dragon scales
rPois   .            (helmet restricted)
rElec   +            g - +0 cloak
rCorr   +            (gloves unavailable)
SInv    .            (boots unavailable)
Will    .....        q - amulet of reflection
Stlth   ++++         n - ring of flight
HPRegen 1.21/turn    d - ring "Winugouk" {^Drain rElec rC+ rN+ Stlth+, =R}
MPRegen 0.14/turn

%: reflection
@: heroic, finesse-ful, spiked, flying, lightly drained
A: large, unfitting armour, claws 3, regeneration 1, shaggy fur 1, tough skin 1
a: Renounce Religion, Heroism, Finesse


You were on level 1 of the Shoals.
You worshipped Okawaru.
Okawaru was greatly pleased with you.
You visited 5 branches of the dungeon, and saw 17 of its levels.
You also visited: Ice Cave.

You collected 469 gold pieces.

Inventory:

Hand Weapons
 b - a +2 heavy spear
 w - a +2 dagger of distortion
Missiles
 f - 3 curare-tipped darts
 h - 4 large rocks
 l - 5 javelins
 B - a dart of dispersal
Armour
 g - a +0 cloak (worn)
 k - +0 acid dragon scales (worn)
 s - a +2 robe of cold resistance
Jewellery
 a - a ring of protection from cold
 c - the ring of Vehumet's Inspiration {rC+ SInv}
   (You found it in an ice cave)

   [ring of protection from cold]

   rC+:       It protects you from cold.
   SInv:      It lets you see invisible.
 d - the ring "Winugouk" (right claw) {^Drain rElec rC+ rN+ Stlth+, =R}
   (You found it in an ice cave)

   [ring of protection from cold]

   rC+:       It protects you from cold.
   rElec:     It insulates you from electricity.
   rN+:       It protects you from negative energy.
   ^Drain:    It drains your maximum health when unequipped.
   Stlth+:    It makes you more stealthy.
 n - a ring of flight (left claw)
 q - an amulet of reflection (around neck)
 t - a ring of ice
Wands
 m - a wand of mindburst (15)
 o - a wand of roots (6)
 z - a wand of flame (17)
Scrolls
 j - a scroll of fog
 v - a scroll of revelation
Potions
 e - a potion of attraction {unknown}
 p - a potion of mutation
 r - a potion of curing {unknown}


   Skills:
 + Level 11.9(16.9) Fighting
 + Level 1.0(6.0) Throwing
 - Level 1.5(6.5) Dodging
 - Level 2.7(7.7) Stealth
 + Level 14.0(19.0) Unarmed Combat
 - Level 6.0 Invocations
 - Level 6.0 Evocations


You had 10 spell levels left.
You knew the following spells:

 Your Spells              Type           Power      Damage    Failure   Level
n - Apportation           Tloc           0%         N/A       52%         1

Your spell library contained the following spells:

 Spells                   Type           Power      Damage    Failure   Level
 Magic Dart               Conj           0%         1d3       52%         1
 Necrotise                Necr           0%         1d4       52%         1
 Sting                    Conj/Alch      0%         1d3       52%         1
 Blink                    Tloc           0%         N/A       65%         2
 Summon Small Mammal      Summ           Unusable   N/A       N/A         1
 Call Imp                 Summ           Unusable   N/A       N/A         2

Dungeon Overview and Level Annotations

Branches:
Dungeon (12/15)            Temple (1/1) D:5            Lair (3/5) D:8
 Shoals (1/4) Lair:3          Orc (2/2) D:9           IceCv (visited)
  Snake: Lair:2-3    Spider: Lair:2-3       Elf: Orc:2

Altars:
Ashenzari
Cheibriados
Dithmenos
Elyvilon
Fedhas
Gozag
Hepliaklqana
Kikubaaqudgha
Makhleb
Okawaru
Qazlal
Ru
Sif Muna
Trog
Vehumet
Wu Jian
Xom
Yredelemnul
Zin
The Shining One

Shops:
Orc:1 [

Portals:
Abyss: Lair:2

Annotations:
Lair:2 1 transporter, exclusion: downstairs, experimilk's ghost, journeyman TrGl
Orc:1 Erolcha
Orc:2 exclusion: upstairs


Innate Abilities, Weirdness & Mutations

You are too large for most types of armour.
You have claws for hands.
Your natural rate of healing is unusually fast.
You are covered in fur. (AC +1)
You have tough skin. (AC +1)


Message History

The basilisk gazes at you.
You are slowing down.
There is a staircase to the Shoals here.
Okay, then.
You block the pharaoh ant's attack. The pharaoh ant bites you.
You partially resist.
You feel drained. The pharaoh ant bites you!
Your limbs are stiffening.
You fly downwards.
Welcome to the Shoals!
This branch is noisy: sounds don't travel as far here.
This branch contains the barnacled rune of Zot.
You have turned to stone.
Found a robe, a book of Flames, 13 gold pieces and a plate armour.
Found an escape hatch in the floor.
Found a stone staircase leading down.
The snapping turtle hisses angrily.
The pharaoh ant barely misses you. The pharaoh ant bites you.
The pharaoh ant bites you!! x2
The pharaoh ant bites you!! x2
The pharaoh ant bites you! The pharaoh ant bites you!
The snapping turtle bites you but does no damage.
The pharaoh ant bites you.
You turn to flesh and can move again.
There is a staircase back to the Lair here.
Unknown command.
Unknown command.
Unknown command.
Unknown command.
Press: ? - help, v - describe, . - travel
Here: a snapping turtle Some shallow water.
Okay, then.
Aiming: Fastroot
Press: ? - help, Shift-Dir - straight line The roots erupt in riotous growth!
Roots grab the snapping turtle.
Roots grab the pharaoh ant.
The grasping roots constrict the pharaoh ant.
The grasping roots constrict the snapping turtle.
You hear an angry hiss.
You block the pharaoh ant's attack.
The snapping turtle bites you from afar!
The pharaoh ant barely misses you.
A manticore comes into view.
The grasping roots constrict the pharaoh ant, but do no damage.
The grasping roots constrict the snapping turtle!
The roots release their grip on the pharaoh ant.
The pharaoh ant attacks as it pursues you!
The pharaoh ant bites you! You partially resist.
You feel drained.
The snapping turtle struggles to escape constriction.
You gain the combat prowess of a mighty hero.
The grasping roots constrict the snapping turtle, but do no damage.
You block the pharaoh ant's attack.
The snapping turtle struggles to escape constriction.
The pharaoh ant bites you! You partially resist.
You feel drained.
The snapping turtle struggles to escape constriction.
You can now deal lightning-fast blows.
The grasping roots constrict the snapping turtle!
The roots release their grip on the snapping turtle.
You block the pharaoh ant's attack.
The manticore flicks its tail.
The volley of spikes skewers you!
The barbed spikes become lodged in your body.
* * * LOW HITPOINT WARNING * * *
You mangle the pharaoh ant!!
You destroy the pharaoh ant!
Okawaru accepts your kill.
The pharaoh ant binds the souls of nearby monsters.
Base training target 14.0 for Unarmed Combat reached!
Your base Throwing skill increases to level 1!
Your base Unarmed Combat skill increases to level 14!
Unknown command.
Setting a skill training target for Throwing at 16.0.
Unknown command.
Unknown command.
Unknown command.
Unknown command.
Unknown command.
Unknown command.
Press: ? - help, v - describe, . - travel
Here: a snapping turtle (heavily wounded, soul bound)
The floor.
Throw: 4 darts (curare)
Press: ? - help, Shift-Dir - straight line, f - snapping turtle
Aim: a snapping turtle (heavily wounded, soul bound, 82% to hit)
You throw a curare-tipped dart.
The curare-tipped dart hits the snapping turtle.
The snapping turtle is poisoned.
The snapping turtle struggles to breathe.
The snapping turtle seems to slow down.
The snapping turtle is heavily wounded.
A wind drake comes into view.
A merfolk comes into view. It is wielding a +0 trident.
The barbed spikes dig painfully into your body as you move.
* * * LOW HITPOINT WARNING * * *
A skyshark comes into view.
The wind drake flaps its wings at you. The air twists around and strikes you!
* * * LOW HITPOINT WARNING * * *
The snapping turtle bites you!!
You die...

.... ...#k>~~~~
##... ....~~..~
#....[ ........~
..~~.. .........
~~~~~.##....~~~.
~~~~~~.#..>..~~.
~~~~~~~.:....~.#
~.~..~t@.[..~~~#
...$~..##....~~.
##..~~~ .~~..~.
#..~~F ~≈≈~~~.
#..~~~ ≈≈~~~~~
#..~~~≈ ≈≈~~~~~
##.~~≈≈ ~~~≈≈~~
#~~≈≈≈ ~~~≈≈≈~


You could see a skyshark (wandering), a snapping turtle (soul bound, very
poisoned, slow) and a wind drake (repels missiles).

Vanquished Creatures
  An azure jelly (IceCv)
  2 quicksilver oozes (IceCv)
  Fannar (D:10)
  2 two-headed ogres
  A spriggan (Lair:2)
  Sonja (Lair:2)
  A pharaoh ant (Shoals:1)
  An orc sorcerer (Orc:1)
  An orc knight (Orc:1)
  A cyclops (D:11)
  2 ice statues (IceCv)
  A black mamba (Lair:2)
  A gargoyle (D:10)
  A water nymph (Lair:3)
  A torpor snail (Lair:2)
  2 rime drakes
  3 cane toads
  2 komodo dragons
  Psyche (D:11)
  A red devil (Lair:2)
  3 trolls
  2 ice devils (Lair:2)
  A merfolk (Lair:3)
  A hornet (Lair:2)
  9 blink frogs
  A raiju (Lair:2)
  A shadow (D:11)
  A wraith (D:9)
  33 yaks
  4 wyverns
  2 wargs
  2 basilisks (D:8)
  3 acid dragons
  7 water moccasins
  3 great orb of eyes simulacra (IceCv)
  3 orc warriors
  A sky beast (D:7)
  8 wolves
  3 centaurs
  3 slime creature simulacra (IceCv)
  5 bullfrogs
  2 kobold brigands
  2 gnoll sergeants
  A scorpion (D:5)
  4 glowing shapeshifter simulacra (IceCv)
  5 wights (D:10)
  3 howler monkeys (D:8)
  A hound (D:7)
  3 orc priests
  A gnoll bouda (D:9)
  Ijyb (D:4)
  An iguana (D:6)
  10 orc wizards
  6 shapeshifter simulacra (IceCv)
  16 gnolls
  15 orcs
  A giant cockroach (D:4)
  2 goblins (D:4)
  A hobgoblin (D:4)
  A quokka (D:4)
  4 kobolds
203 creatures vanquished.

Vanquished Creatures (others)
  An unseen horror (D:10)
  An orc wizard (D:8)
  A gnoll (D:4)
3 creatures vanquished.

Grand Total: 206 creatures vanquished

Notes
Turn   | Place    | Note
-------+----------+-------------------------------------------
     0 | D:5      | FizzleBangTC the Troll Delver began the quest for the Orb.
     0 | D:5      | Reached XP level 1. HP: 22/22 MP: 0/0
     6 | D:5      | Noticed a scorpion
    17 | D:5      | Killed a scorpion
    18 | D:5      | Reached skill level 4 in Unarmed Combat
    18 | D:5      | Reached XP level 2. HP: 9/29 MP: 1/1
    18 | D:5      | Reached XP level 3. HP: 12/36 MP: 2/2
    48 | D:6      | Reached XP level 4. HP: 19/44 MP: 3/3
    76 | D:4      | Found a snail-covered altar of Cheibriados.
    81 | D:4      | Found a stormy altar of Qazlal.
   142 | D:4      | Reached skill level 5 in Unarmed Combat
   191 | D:4      | Noticed Ijyb
   209 | D:4      | Killed Ijyb
   210 | D:4      | Reached XP level 5. HP: 42/50 MP: 4/4
   401 | D:5      | Found a staircase to the Ecumenical Temple.
   406 | Temple   | Entered the Ecumenical Temple
   423 | Temple   | Became a worshipper of Warmaster Okawaru
   467 | D:7      | Noticed a sky beast
   472 | D:7      | Found an opulent altar of Gozag.
   484 | D:7      | Killed a sky beast
   484 | D:7      | Noticed a centaur
   485 | D:7      | Reached skill level 6 in Unarmed Combat
   485 | D:7      | Reached XP level 6. HP: 52/59 MP: 5/5
   508 | D:7      | Noticed a water moccasin
   552 | D:7      | Killed a water moccasin
   552 | D:7      | Reached * piety under Okawaru
   553 | D:7      | Reached skill level 7 in Unarmed Combat
   577 | D:6      | You fall into a shaft and drop 3 floors!
   592 | D:9      | Noticed a troll
   604 | D:9      | Killed a troll
   605 | D:9      | Reached skill level 8 in Unarmed Combat
   605 | D:9      | Reached XP level 7. HP: 36/67 MP: 3/6
   623 | D:8      | Noticed a wyvern
   630 | D:8      | Killed a wyvern
   676 | D:9      | Noticed a wraith
   692 | D:9      | Killed a wraith
   693 | D:9      | Reached skill level 5 in Fighting
   693 | D:9      | Reached XP level 8. HP: 52/80 MP: 5/7
   768 | D:9      | Found a radiant altar of Vehumet.
   775 | D:9      | HP: 5/80 [warg (21)]
   788 | D:10     | Entered Level 10 of the Dungeon
   806 | D:12     | Noticed a slime creature
   824 | D:9      | Reached skill level 1 in Invocations
   826 | D:9      | Found a staircase to the Orcish Mines.
   858 | Orc:1    | Entered Level 1 of the Orcish Mines
   889 | Orc:1    | Noticed an orc knight
   905 | Orc:1    | Found Wechap's Antique Armour Emporium.
   916 | Orc:2    | Entered Level 2 of the Orcish Mines
   931 | Orc:1    | Noticed Erolcha
   940 | Orc:2    | HP: 11/83 [orc warrior/+0 flail (10)]
   943 | Orc:1    | Noticed an orc sorcerer
   945 | Orc:1    | HP: 15/83 [orc sorcerer/+0 dagger[an orc knight] (2)]
   951 | Orc:1    | Killed an orc sorcerer
   951 | Orc:1    | Reached ** piety under Okawaru
   952 | Orc:1    | Reached skill level 9 in Unarmed Combat
   952 | Orc:1    | Reached XP level 9. HP: 19/89 MP: 11/11
   980 | Orc:1    | Killed an orc knight
   980 | Orc:1    | Reached *** piety under Okawaru
   981 | Orc:1    | Reached skill level 10 in Unarmed Combat
  1182 | D:10     | Killed an unseen horror
  1193 | D:10     | Reached skill level 11 in Unarmed Combat
  1318 | D:9      | Noticed a two-headed ogre
  1331 | D:9      | Killed a two-headed ogre
  1332 | D:9      | Reached XP level 10. HP: 51/98 MP: 10/12
  1416 | D:8      | Reached skill level 5 in Invocations
  1450 | D:7      | Found a shimmering altar of Xom.
  1489 | D:8      | Found a shimmering blue altar of Sif Muna.
  1530 | D:11     | Noticed a two-headed ogre
  1537 | D:11     | Killed a two-headed ogre
  1538 | D:11     | Reached skill level 1 in Evocations
  1678 | D:11     | Reached **** piety under Okawaru
  1706 | D:10     | Found the +7 Kryia's mail coat {PotionHeal*2 rC+}
  1948 | D:10     | Noticed a gargoyle
  1959 | D:10     | Killed a gargoyle
  2008 | D:10     | Noticed Fannar
  2030 | D:10     | Killed Fannar
  2031 | D:10     | Reached XP level 11. HP: 107/111 MP: 7/14
  2253 | D:11     | Learned a level 1 spell: Apportation
  2330 | D:11     | Noticed Psyche
  2336 | D:11     | Killed Psyche
  2723 | D:8      | Reached skill level 5 in Evocations
  3160 | D:8      | Reached ***** piety under Okawaru
  3182 | D:8      | Found a staircase to the Lair.
  3209 | Lair:1   | Entered Level 1 of the Lair of Beasts
  3288 | Lair:1   | Received a gift from Okawaru
  3293 | Lair:1   | Reached skill level 10 in Fighting
  3336 | Lair:2   | Found a transporter.
  3336 | Lair:2   | Found a transporter.
  3336 | Lair:2   | Noticed a large abomination
  3341 | Lair:2   | Found a one-way gate to the infinite horrors of the Abyss.
  3341 | Lair:2   | Noticed experimilk's ghost (journeyman TrGl)
  3342 | Lair:2   | Noticed a spriggan rider
  3356 | Lair:2   | Killed a spriggan rider
  3356 | Lair:2   | HP: 18/117 [smoke demon/divine providence (15)]
  3357 | Lair:2   | Reached skill level 12 in Unarmed Combat
  3358 | Lair:2   | Reached XP level 12. HP: 21/126 MP: 8/15
  3363 | Lair:2   | HP: 17/126 [barbs]
  3364 | Arena    | Entered the Arena
  3405 | Lair:2   | HP: 38/190 [black mamba (10)]
  3410 | Lair:2   | HP: 35/190 [poisoned by a black mamba]
  3416 | Lair:2   | HP: 20/190 [poisoned by a black mamba]
  3524 | Lair:3   | Found a staircase to the Shoals.
  3542 | Lair:3   | Noticed a six-headed hydra
  3553 | Lair:3   | Reached skill level 13 in Unarmed Combat
  3577 | Lair:2   | Noticed Sonja
  3582 | Lair:2   | Killed Sonja
  3652 | Lair:2   | Found a frozen archway.
  3669 | IceCv    | Entered an ice cave
  3702 | IceCv    | Noticed a quicksilver ooze
  3710 | IceCv    | Killed a quicksilver ooze
  3847 | IceCv    | Noticed a quicksilver ooze
  3851 | IceCv    | Found a viscous altar of Jiyva.
  3851 | IceCv    | Noticed an azure jelly
  3858 | IceCv    | Killed a quicksilver ooze
  3868 | IceCv    | HP: 25/131 [azure jelly (8)]
  3868 | IceCv    | HP: 6/131 [azure jelly (7)]
  3870 | IceCv    | Killed an azure jelly
  3885 | IceCv    | Got the ring of Vehumet's Inspiration {rC+ SInv}
  3887 | IceCv    | Identified the ring "Winugouk" {^Drain rElec rC+ rN+
                  | Stlth+}
  4024 | Shoals:1 | Entered Level 1 of the Shoals
  4037 | Shoals:1 | Reached skill level 1 in Throwing
  4037 | Shoals:1 | Reached skill level 14 in Unarmed Combat
  4038 | Shoals:1 | HP: 22/129 [wind drake/the air (12)]
  4038 | Shoals:1 | Slain by a snapping turtle

Illustrated notes

Levels and vault maps discovered:
D:3:      layout_basic
D:4:      layout_loops_cross, cheibriados_altar_1, grunt_qazlal_clouds,
          uniq_ijyb
D:5:      layout_gridville, minmay_temple_entry_steel_oval
D:6:      kennysheep_steamy, layout_cave_pools, nicolae_uskayaw_dance_hall,
          chequers_serial_rivers_micro_e, palyth_stone_intersect,
          chequers_serial_rivers_micro_e, nicolae_titane, uniq_jeremiah,
          uniq_edmund, uniq_grinder, uniq_crazy_yiuf_cottage
D:7:      layout_rooms, mainiacjoe_overflow_boulevard, old_standard_altar,
          grunt_gozag_breadcrumbs, serial_co_window_serial, co_window_cross_1,
          co_window_paths_a, co_window_of_opportunity_a, co_window_paths_b,
          co_window_paths_a, co_window_corner_b, co_window_unsneaky_path_c,
          co_window_broadway_b, co_window_4corner_b
D:8:      layout_loops_ring, tgw_sif, erik_lair_dragon
D:9:      layout_rooms, nicolae_vehumet_altar_sigil, minmay_orc_entry_guard_dogs
D:10:     layout_stronghold, uniq_fannar
D:11:     layout_stronghold, uniq_psyche
D:12:     wad_crossroads, layout_basic
Temple:   nicolae_temple_bog_church
Lair:1:   layout_loops_ring, chequers_serial_rivers_large_b,
          chequers_serial_rivers_large_a, infiniplex_staircase_pool_2
Lair:2:   layout_loops_ring, gammafunk_ghost_abyssal_escape,
          portal_ice_cave_demonic_guard, serial_bayou_pond_b, uniq_sonja
Lair:3:   layout_roguey, nicolae_shoals_entry_flooding,
          nicolae_spider_entry_lesser_pyramids
Shoals:1: layout_shoals, uniq_frances
Orc:1:    layout_diamond_mine, serial_shops, shop_fountains,
          lightli_church_of_beogh, uniq_erolcha
Orc:2:    st_orc_town, layout_caves, basic_altar

Skill      XL: |  1  2  3  4  5  6  7  8  9 10 11 12 |
---------------+-------------------------------------+-----
Unarmed Combat | 4 5 6 8 9 11 12 14 | 14.0
Fighting       | 3 5 6 7 10 11 | 11.9
Invocations    | 4 6 |  6.0
Evocations     | 4 6 |  6.0
Throwing       | 1 |  1.0
Dodging        | |  1.5
Stealth        | |  2.7

Action                     |  1- 3 |  4- 6 |  7- 9 | 10-12 || total
---------------------------+-------+-------+-------+-------++-------
  Melee: Unarmed           |    13 |    58 |   121 |   393 ||   585
         Punch             |       |     6 |     6 |    37 ||    49
  Throw: Dart              |       |       |     3 |     2 ||     5
         Javelin           |       |       |       |     1 ||     1
         Large rock        |       |       |       |     1 ||     1
 Invoke: Heroism           |       |     1 |    12 |    19 ||    32
         Finesse           |       |       |       |    10 ||    10
         Duel              |       |       |       |     1 ||     1
  Evoke: Wand              |       |     2 |     4 |    27 ||    33
    Use: Potion            |     1 |     1 |     4 |     5 ||    11
         Scroll            |       |     4 |     3 |    11 ||    18
   Stab: Sleeping          |       |       |     3 |     3 ||     6
 Armour: Robe              |     5 |    49 |    85 |    33 ||   172
         Acid dragon scale |       |       |    57 |   251 ||   308
         Skin              |       |       |     2 |    15 ||    17
  Dodge: Dodged            |     3 |    33 |    69 |   125 ||   230
  Block: Other             |       |       |       |    45 ||    45

Table legend: (Time is in decaauts)
 A = Elapsed time spent in this place.
 B = Non-inter-level travel time spent in this place.
 C = Inter-level travel time spent in this place.
 D = Time resting spent in this place.
 E = Time spent auto-exploring this place.
 F = Levels seen in this place.
 G = Mean time per level.
                   A        B        C        D        E       F      G
               +--------+--------+--------+--------+--------+-----+--------+
         Total |   3841 |   3693 |    148 |      7 |      0 |  19 |  202.2 |
       Dungeon |   2890 |   2757 |    133 |      0 |      0 |  10 |  289.0 |
        Temple |     33 |     18 |     15 |      0 |      0 |   1 |   33.0 |
          Lair |    439 |    439 |      0 |      0 |      0 |   3 |  146.3 |
        Shoals |     12 |     12 |      0 |      0 |      0 |   1 |   12.0 |
  Orcish Mines |    187 |    187 |      0 |      0 |      0 |   2 |   93.5 |
      Ice Cave |    259 |    259 |      0 |      0 |      0 |   1 |  259.0 |
         Arena |     18 |     18 |      0 |      7 |      0 |   1 |   18.0 |
               +--------+--------+--------+--------+--------+-----+--------+

Top non-repeatable levels by time:
    D:11: 707 daAuts
     D:8: 612 daAuts
    D:10: 557 daAuts
     D:9: 430 daAuts
  Lair:2: 325 daAuts
   IceCv: 259 daAuts
     D:4: 209 daAuts
     D:5: 172 daAuts
   Orc:1: 163 daAuts
     D:7: 134 daAuts
  Lair:1: 81 daAuts
     D:6: 33 daAuts
  Temple: 33 daAuts
  Lair:3: 33 daAuts
   Orc:2: 24 daAuts

Levels and vault maps discovered:
D:3:      layout_basic
D:4:      layout_loops_cross, cheibriados_altar_1, grunt_qazlal_clouds,
          uniq_ijyb
D:5:      layout_gridville, minmay_temple_entry_steel_oval
D:6:      kennysheep_steamy, layout_cave_pools, nicolae_uskayaw_dance_hall,
          chequers_serial_rivers_micro_e, palyth_stone_intersect,
          chequers_serial_rivers_micro_e, nicolae_titane, uniq_jeremiah,
          uniq_edmund, uniq_grinder, uniq_crazy_yiuf_cottage
D:7:      layout_rooms, mainiacjoe_overflow_boulevard, old_standard_altar,
          grunt_gozag_breadcrumbs, serial_co_window_serial, co_window_cross_1,
          co_window_paths_a, co_window_of_opportunity_a, co_window_paths_b,
          co_window_paths_a, co_window_corner_b, co_window_unsneaky_path_c,
          co_window_broadway_b, co_window_4corner_b
D:8:      layout_loops_ring, tgw_sif, erik_lair_dragon
D:9:      layout_rooms, nicolae_vehumet_altar_sigil, minmay_orc_entry_guard_dogs
D:10:     layout_stronghold, uniq_fannar
D:11:     layout_stronghold, uniq_psyche
D:12:     wad_crossroads, layout_basic
Temple:   nicolae_temple_bog_church
Lair:1:   layout_loops_ring, chequers_serial_rivers_large_b,
          chequers_serial_rivers_large_a, infiniplex_staircase_pool_2
Lair:2:   layout_loops_ring, gammafunk_ghost_abyssal_escape,
          portal_ice_cave_demonic_guard, serial_bayou_pond_b, uniq_sonja
Lair:3:   layout_roguey, nicolae_shoals_entry_flooding,
          nicolae_spider_entry_lesser_pyramids
Shoals:1: layout_shoals, uniq_frances
Orc:1:    layout_diamond_mine, serial_shops, shop_fountains,
          lightli_church_of_beogh, uniq_erolcha
Orc:2:    st_orc_town, layout_caves, basic_altar

Table legend: (Time is in decaauts)
 A = Elapsed time spent in this place.
 B = Non-inter-level travel time spent in this place.
 C = Inter-level travel time spent in this place.
 D = Time resting spent in this place.
 E = Time spent auto-exploring this place.
 F = Levels seen in this place.
 G = Mean time per level.
                   A        B        C        D        E       F      G
               +--------+--------+--------+--------+--------+-----+--------+
         Total |   3841 |   3693 |    148 |      7 |      0 |  19 |  202.2 |
       Dungeon |   2890 |   2757 |    133 |      0 |      0 |  10 |  289.0 |
        Temple |     33 |     18 |     15 |      0 |      0 |   1 |   33.0 |
          Lair |    439 |    439 |      0 |      0 |      0 |   3 |  146.3 |
        Shoals |     12 |     12 |      0 |      0 |      0 |   1 |   12.0 |
  Orcish Mines |    187 |    187 |      0 |      0 |      0 |   2 |   93.5 |
      Ice Cave |    259 |    259 |      0 |      0 |      0 |   1 |  259.0 |
         Arena |     18 |     18 |      0 |      7 |      0 |   1 |   18.0 |
               +--------+--------+--------+--------+--------+-----+--------+

Top non-repeatable levels by time:
    D:11: 707 daAuts
     D:8: 612 daAuts
    D:10: 557 daAuts
     D:9: 430 daAuts
  Lair:2: 325 daAuts
   IceCv: 259 daAuts
     D:4: 209 daAuts
     D:5: 172 daAuts
   Orc:1: 163 daAuts
     D:7: 134 daAuts
  Lair:1: 81 daAuts
     D:6: 33 daAuts
  Temple: 33 daAuts
  Lair:3: 33 daAuts
   Orc:2: 24 daAuts

Table legend:
 A = Kills in this place as a percentage of kills in the entire game.
 B = Kills by you in this place as a percentage of kills by you in the entire game.
 C = Kills by friends in this place as a percentage of kills by friends in the entire game.
 D = Other kills in this place as a percentage of other kills in the entire game.
 E = Experience gained in this place as a percentage of experience gained in the entire game.
 F = Experience gained in this place divided by the number of levels of this place that you have seen.
                   A       B       C       D       E      F
               +-------+-------+-------+-------+-------+----------------------
         Total | 100.0 | 100.0 |   N/A | 100.0 | 100.0 | 1927.9
       Dungeon |  60.3 |  60.1 |   N/A | 100.0 |  42.1 | 1542.3
          Lair |  24.5 |  24.6 |   N/A |   0.0 |  35.4 | 4324.3
        Shoals |   0.5 |   0.5 |   N/A |   0.0 |   2.1 | 754.0
  Orcish Mines |   3.9 |   3.9 |   N/A |   0.0 |   4.0 | 735.0
      Ice Cave |  10.3 |  10.3 |   N/A |   0.0 |  15.8 | 5806.0
         Arena |   0.5 |   0.5 |   N/A |   0.0 |   0.6 | 205.0
               +-------+-------+-------+-------+-------+----------------------
